 Dungeon Crawl Stone Soup version 0.28.0-53-g5a82cb258f (webtiles) character file.

Game seed: 1235342989037818864

110 Goodini51 the Ruffian (level 4, -1/44 HPs)
             Began as a Troll Monk on July 17, 2022.
             Slain by a goblin
             ... wielding a +1 dagger of protection
             ... led by Robin
              (4 damage)
             ... on level 3 of the Dungeon.
             The game lasted 00:06:11 (1956 turns).

Goodini51 the Ruffian (Troll Monk)                  Turns: 1956, Time: 00:06:12

Health: -1/44      AC:  6    Str: 21    XL:     4   Next: 61%
Magic:  3/3        EV: 10    Int:  6    God:
Gold:   126        SH:  0    Dex: 12    Spells: 3/3 levels left

rFire   + . .      SeeInvis .     - Unarmed
rCold   . . .      Faith    .   (no shield)
rNeg    . . .      Spirit   .   i - +2 robe {rF+}
rPois   .          Reflect  .   (helmet restricted)
rElec   .          Harm     .   (no cloak)
rCorr   .          Rampage  .   (gloves unavailable)
Will    .....                   (boots unavailable)
Stlth   ++........              (no amulet)
HPRegen 0.94/turn               (no ring)
MPRegen 0.08/turn               (no ring)

@: no status effects
A: large, unfitting armour, claws 3, regeneration 1, shaggy fur 1, tough skin 1
a: no special abilities


You were on level 3 of the Dungeon.
You visited 1 branch of the dungeon, and saw 3 of its levels.

You collected 126 gold pieces.

Inventory:

Armour
 i - a +2 robe of fire resistance (worn)
Scrolls
 a - a scroll of brand weapon {unknown}
 b - 2 scrolls of identify {unknown}
 d - a scroll of magic mapping {unknown}
 f - a scroll of immolation {unknown}
 g - a scroll of enchant weapon {unknown}
 j - 2 scrolls of teleportation {unknown}
Potions
 c - a potion of curing {unknown}
 e - a potion of flight {unknown}
 h - a potion of degeneration {unknown}


   Skills:
 + Level 2.7 Fighting
 + Level 2.8 Dodging
 + Level 1.2 Stealth
 * Level 4.6 Unarmed Combat


You had 3 spell levels left.
You didn't know any spells.
Your spell library contained the following spells:

 Spells                   Type           Power      Damage    Failure   Level
 Foxfire                  Conj/Fire      0%         2x1d4     45%         1
 Summon Small Mammal      Summ           0%         N/A       45%         1
 Call Canine Familiar     Summ           0%         N/A       83%         3
 Conjure Flame            Conj/Fire      0%         6-21      83%         3
 Ignite Poison            Fire/Tmut/Pois 0%         N/A       83%         3
 Inner Flame              Hex/Fire       0%         N/A       83%         3
 Mephitic Cloud           Conj/Pois/Air  0%         N/A       83%         3
 Ozocubu's Armour         Ice            0%         N/A       83%         3
 Summon Guardian Golem    Hex/Summ       0%         N/A       83%         3
 Flame Wave               Conj/Fire      0%         2d4       99%         4
 Freezing Cloud           Conj/Ice/Air   0%         6-21      100%        5
 Ozocubu's Refrigeration  Ice            0%         4d5       100%        7


Dungeon Overview and Level Annotations

Branches:
Dungeon (3/15)

Altars:

Shops:
D:3 *!:[

Annotations:
D:3 Robin


Innate Abilities, Weirdness & Mutations

You are too large for most types of armour.
You have claws for hands.
Your natural rate of healing is unusually fast.
You are covered in fur. (AC +1)
You have tough skin. (AC +1)


Message History

The goblin hits you with a +1 dagger of protection.
The goblin closely misses you.
A goblin comes into view. It is wielding a +0 club.
The goblin shouts!
You scratch the endoplasm but do no damage.
The endoplasm hits you but does no damage.
The goblin hits you with a +0 club. The goblin hits you but does no damage.
The goblin barely misses you.
The goblin hits you with a +1 dagger of protection.
You scratch the endoplasm.
The endoplasm is almost dead.
The endoplasm freezes you.
You are frozen.
The goblin hits you with a +0 club.
* * * LOW HITPOINT WARNING * * *
The goblin hits you but does no damage.
Robin roars a battlecry!
The goblin goes into a battle-frenzy!
The goblin hits you with a +0 club.
* * * LOW HITPOINT WARNING * * *
The goblin misses you.
A goblin comes into view. It is wielding a +0 club.
You scratch the endoplasm but do no damage.
The endoplasm is severely wounded.
The endoplasm freezes you.
You are frozen.
* * * LOW HITPOINT WARNING * * *
The goblin closely misses you. The goblin hits you but does no damage.
The goblin hits you with a +0 club.
* * * LOW HITPOINT WARNING * * *
The goblin hits you but does no damage.
You claw the endoplasm!
You kill the endoplasm!
A hobgoblin comes into view.
The goblin barely misses you. x2
You claw Robin!
Robin is heavily wounded.
The goblin hits you with a +0 club.
* * * LOW HITPOINT WARNING * * *
The goblin hits you with a +1 dagger of protection.
You die...

.####....##.......#
.####.#####.#######
.#.......##.#
.#.########.####
........# #....#
.######.# #.##.# ##
.# #.##.# .g .#
###....###g## .#
........g@gg.# .#
#######.ggg.g.g.#
.. #...g.....# §§
...#.##.##.# ≈≈
###.#.# .# . ≈≈≈
#.#.. . #.#... .
#.#.## #.


You could see Robin, a hobgoblin and 9 goblins.

Vanquished Creatures
  Jessica (D:2)
  2 adders
  A dart slug (D:2)
  2 orcs (D:3)
  7 endoplasms
  2 giant cockroaches
  4 goblins
  4 hobgoblins
  4 jackals (D:3)
  4 quokkas (D:1)
  4 ball pythons
  6 bats
  3 frilled lizards
  4 kobolds
  8 rats
56 creatures vanquished.

Notes
Turn   | Place    | Note
-------+----------+-------------------------------------------
     0 | D:1      | Goodini51 the Troll Monk began the quest for the Orb.
     0 | D:1      | Reached XP level 1. HP: 22/22 MP: 0/0
   110 | D:1      | Reached XP level 2. HP: 24/29 MP: 1/1
   895 | D:2      | Reached XP level 3. HP: 32/36 MP: 2/2
  1243 | D:2      | Found a faded altar of an unknown god.
  1283 | D:2      | Noticed Jessica
  1297 | D:2      | Killed Jessica
  1298 | D:2      | Reached skill level 4 in Unarmed Combat
  1302 | D:2      | Reached XP level 4. HP: 23/44 MP: 3/3
  1514 | D:3      | Found Deen's Distillery.
  1523 | D:3      | Found Neunu's Book Shop.
  1575 | D:3      | Found Lanaob's Armour Emporium.
  1696 | D:3      | Found Ytagyr's Assorted Antiques.
  1945 | D:3      | Identified the +2 helmet "Efel" {rF+ Int+2}
  1945 | D:3      | Noticed Robin
  1956 | D:3      | Slain by a goblin

Illustrated notes

Levels and vault maps discovered:
D:1:      ncdulo_lavacross, layout_rooms, serial_co_window_serial,
          co_window_paths_a, co_window_corner_a, co_window_corner_a,
          co_window_paths_b, co_window_paths_a, co_window_corner_a,
          co_window_paths_a, co_window_paths_b, co_window_paths_a,
          co_window_of_opportunity_c, co_window_unsneaky_path_b,
          co_window_broadway_b, co_window_paths_d
D:2:      layout_basic, shapermc_ecumenical_altar_mp_vishouse, uniq_jessica
D:3:      layout_basic, serial_shops, nicolae_shop_overgrown_old_shop, shop,
          nicolae_lakefront_shop, nicolae_shop_waterfront,
          nicolae_lakefront_shop, uniq_robin

Skill      XL: |  1  2  3 |
---------------+----------+-----
Unarmed Combat | 4 |  4.6
Fighting       | |  2.7
Dodging        | |  2.8
Stealth        | |  1.2

Action                   |  1- 3 |  4- 6 || total
-------------------------+-------+-------++-------
Melee: Unarmed           |    85 |    39 ||   124
       Punch             |     1 |     1 ||     2
 Stab: Sleeping          |     1 |     1 ||     2
Armor: Robe              |    25 |    16 ||    41
Dodge: Dodged            |    44 |    23 ||    67
